 Dungeon Crawl Stone Soup version 0.29-a0-296-gda187f2e07 (webtiles) character file.

Game seed: 10933469332104018682

1495 sanka the Chopper (level 8, -3/67 HPs)
             Began as a Gnoll Cinder Acolyte on Mar 19, 2022.
             Was a High Priest of Ignis.
             Slain by a yak (14 damage)
             ... on level 6 of the Dungeon.
             The game lasted 00:08:13 (5774 turns).

sanka the Chopper (Gnoll Cinder Acolyte)            Turns: 5774, Time: 00:08:13

Health: -3/67      AC: -8    Str: 14    XL:     8   Next: 81%
Magic:  14/14      EV: 18    Int:  9    God:    Ignis [*****.]
Gold:   350        SH:  0    Dex: 24    Spells: 14/16 levels left

rFire   . . .      SeeInvis .   p - +0 war axe
rCold   . . .      Faith    .   (no shield)
rNeg    . . .      Spirit   .   m - +1 robe "Saschenai" {rPois rF- Int-4 Dex+8}
rPois   +          Reflect  .   (no helmet)
rElec   .          Harm     .   y - +1 cloak {rPois}
rCorr   .          Rampage  .   c - +0 pair of gloves
Will    .....                   E - +0 pair of boots
Stlth   +++.......              (no amulet)
HPRegen 0.21/turn               j - +4 ring of evasion
MPRegen 0.14/turn               e - +6 ring of dexterity

@: corroded
A: fangs 1, strong nose, distributed training
a: Renounce Religion, Fiery Armour, Foxfire Swarm, Rising Flame


You were on level 6 of the Dungeon.
You worshipped Ignis.
Ignis was extremely pleased with you.
You visited 1 branch of the dungeon, and saw 6 of its levels.

You collected 350 gold pieces.


Innate Abilities, Weirdness & Mutations

You have very sharp teeth.
Your uncanny sense of smell can sniff out nearby items.
Your experience applies equally to all skills.


   Skills:
 + Level 7.5 Fighting
 + Level 3.6 Short Blades
 + Level 3.6 Long Blades
 + Level 7.5 Axes
 + Level 3.6 Maces & Flails
 + Level 3.6 Polearms
 + Level 3.6 Staves
 + Level 3.6 Slings
 + Level 3.6 Bows
 + Level 3.6 Crossbows
 + Level 3.6 Throwing
 + Level 3.6 Armour
 + Level 3.6 Dodging
 + Level 3.6 Stealth
 + Level 3.6 Shields
 + Level 3.6 Unarmed Combat
 + Level 4.6 Spellcasting
 + Level 2.9 Conjurations
 + Level 2.9 Hexes
 + Level 2.9 Summonings
 + Level 2.9 Necromancy
 + Level 2.9 Translocations
 + Level 2.9 Transmutations
 + Level 6.2 Fire Magic
 + Level 2.9 Ice Magic
 + Level 2.9 Air Magic
 + Level 2.9 Earth Magic
 + Level 2.9 Poison Magic
 + Level 4.0 Invocations
 + Level 3.6 Evocations


You had 14 spell levels left.
You knew the following spells:

 Your Spells              Type           Power      Damage    Failure   Level
y - Scorch                Fire           26%        2d6       3%          2

Your spell library contained the following spells:

 Spells                   Type           Power      Damage    Failure   Level
 Ignite Poison            Fire/Tmut/Pois 9%         N/A       14%         3
 Mephitic Cloud           Conj/Pois/Air  7%         N/A       22%         3
 Freezing Cloud           Conj/Ice/Air   3%         6-21      91%         5

Inventory:

Hand Weapons
 a - a -1 hand axe of flaming
 h - a +0 flail
 n - a +0 trident
 p - a +0 war axe (weapon)
 B - a +3 quarterstaff of chaos
Missiles
 C - 23 poisoned darts
Armour
 b - a +0 robe
 c - a +0 pair of gloves (worn)
 m - the +1 robe "Saschenai" (worn) {rPois rF- Int-4 Dex+8}

   Int:       It affects your intelligence (-4).
   Dex:       It affects your dexterity (+8).
   rF:        It makes you vulnerable to fire.
   rPois:     It protects you from poison.
 y - a +1 cloak of poison resistance (worn)
 E - a +0 pair of boots (worn)
Magical Staves
 s - a staff of air
Jewellery
 e - a +6 ring of dexterity (right hand)
 j - a +4 ring of evasion (left hand)
 H - a ring of protection from cold
Wands
 x - a wand of iceblast (13)
 A - a wand of polymorph (9)
 J - a wand of mindburst (10)
Scrolls
 d - 4 scrolls of identify {unknown}
 f - 4 scrolls of teleportation {unknown}
 i - 3 scrolls of fog {unknown}
 k - 4 scrolls of magic mapping {unknown}
 o - 2 scrolls of torment {unknown}
 q - 3 scrolls of blinking {unknown}
 r - a scroll of immolation {unknown}
 w - a scroll of enchant weapon {unknown}
 G - a scroll of fear {unknown}
Potions
 g - a potion of mutation {unknown}
 l - 3 potions of lignification {unknown}
 t - a potion of brilliance {unknown}
 u - a potion of haste {unknown}
 v - a potion of resistance {unknown}
 z - a potion of attraction {unknown}
 D - 2 potions of curing {unknown}
 F - a potion of magic {unknown}
 I - a potion of invisibility {unknown}

Dungeon Overview and Level Annotations

Branches:
Dungeon (6/15)             Temple (0/1) D:6

Altars:
Ashenzari
Trog
Vehumet
Wu Jian

Shops:
D:4 (

Annotations:
D:4 1 transporter, epen's ghost, amateur GnHu

........▒▒▒..........▒▒.▒.▒▒
▒▒▒▒▒...▒▒▒▒▒........▒▒.▒.▒
▒▒▒..............▒▒...▒
▒▒▒▒▒▒.........▒▒).▒▒
▒▒..........▒..▒ .▒ ▒
▒▒..............▒▒▒. ▒.
▒▒..▒............... ..
▒▒▒▒..▒▒▒▒▒▒..▒.▒▒▒▒.(
▒.▒▒.....Y.YYg...▒.▒▒▒...▒
▒....▒..Y▒▒▒▒▒▒.▒▒.▒▒....▒
▒...▒..▒▒▒ ▒ ▒▒.▒▒.▒...
...▒...▒▒▒▒▒ ▒. ▒.▒▒<▒ ▒▒
▒....Y..▒ ▒.▒▒....▒
▒..▒▒▒▒▒Y▒▒▒▒▒.▒..O▒▒▒ .....
▒..Y.▒▒....▒▒ ▒.▒▒.
▒▒▒▒Y▒▒▒...▒ ▒.. ▒
▒▒.▒▒▒▒.▒▒▒▒▒▒


You could see 4 yaks.


Message History

The acid corrodes you!
Your hands burn!
The jelly is almost dead.
The jelly hits you. The acid corrodes you!
You are splashed with acid!
Unknown command.
You slash the jelly!
You kill the jelly!
Your Invocations skill increases to level 4!
Unknown command.
The yak attacks as you move away! The yak misses you.
The yak attacks as you move away! The yak gores you!
* * * LOW HITPOINT WARNING * * *
You don't know that spell.
The yak attacks as you move away! The yak closely misses you.
The yak attacks as you move away! The yak gores you!
* * * LOW HITPOINT WARNING * * *
The yak attacks as you move away! The yak gores you!
* * * LOW HITPOINT WARNING * * *
The yak attacks as you move away! The yak misses you.
The yak attacks as you move away! The yak gores you!
You die...

Action                   |  1- 3 |  4- 6 |  7- 9 || total
-------------------------+-------+-------+-------++-------
Melee: Hand axe          |    52 |    22 |       ||    74
       Bite              |     7 |     9 |     6 ||    22
       Punch             |     3 |       |     1 ||     4
       War axe           |       |    68 |    48 ||   116
       Unarmed           |       |       |     3 ||     3
 Cast: Scorch            |    20 |    23 |    43 ||    86
Invok: Fiery Armour      |       |       |     1 ||     1
 Stab: Sleeping          |     1 |     3 |       ||     4
       Distracted        |       |       |     1 ||     1
       Confused          |       |       |     1 ||     1
Armor: Robe              |     6 |    17 |    15 ||    38
Dodge: Dodged            |    50 |    75 |    94 ||   219

Levels and vault maps discovered:
D:1:      lemuel_arrival_muddy, layout_basic
D:2:      layout_rooms, basic_altar, hellmonk_ecumenical_altar_zigzags
D:3:      layout_loops_ring, gammafunk_temple_overflow_statue, kennysheep_nub
D:4:      layout_basic, mainiacjoe_overflow_surrounded_room,
          gammafunk_ghost_smash, serial_shops, shop, minmay_starry_boxes,
          uniq_crazy_yiuf_cottage
D:5:      layout_rooms, kennysheep_generic_room_10
D:6:      lemuel_ratsnest, layout_rooms, mainiacjoe_overflow_tiny_flanked,
          nicolae_overflow_hidden_temple, minmay_temple_entry_large_hall,
          hangedman_decor_slide_cut, st_stairs_3, nicolae_fountain_basement,
          uniq_eustachio

Notes
Turn   | Place    | Note
-------+----------+-------------------------------------------
     0 | D:1      | sanka the Gnoll Cinder Acolyte began the quest for the Orb.
     0 | D:1      | Reached XP level 1. HP: 23/23 MP: 4/4
   322 | D:1      | Reached XP level 2. HP: 29/29 MP: 5/5
   327 | D:1      | Learned a level 2 spell: Scorch
   904 | D:1      | Reached XP level 3. HP: 35/35 MP: 1/7
  1454 | D:2      | Reached skill level 1 in Invocations
  1503 | D:2      | Reached skill level 1 in Short Blades
  1503 | D:2      | Reached skill level 1 in Long Blades
  1503 | D:2      | Reached skill level 1 in Maces & Flails
  1503 | D:2      | Reached skill level 1 in Polearms
  1503 | D:2      | Reached skill level 1 in Staves
  1503 | D:2      | Reached skill level 1 in Slings
  1503 | D:2      | Reached skill level 1 in Bows
  1503 | D:2      | Reached skill level 1 in Crossbows
  1503 | D:2      | Reached skill level 1 in Throwing
  1503 | D:2      | Reached skill level 1 in Armour
  1503 | D:2      | Reached skill level 1 in Dodging
  1503 | D:2      | Reached skill level 1 in Stealth
  1503 | D:2      | Reached skill level 1 in Shields
  1503 | D:2      | Reached skill level 1 in Unarmed Combat
  1503 | D:2      | Reached skill level 1 in Evocations
  1513 | D:2      | Found a bloodstained altar of Trog.
  1634 | D:2      | Reached XP level 4. HP: 38/41 MP: 5/8
  1724 | D:2      | Found a faded altar of an unknown god.
  1890 | D:2      | Identified the +1 robe "Saschenai" {rPois rF- Int-4 Dex+8}
  1908 | D:2      | Reached skill level 3 in Spellcasting
  2192 | D:3      | Reached skill level 1 in Conjurations
  2192 | D:3      | Reached skill level 1 in Hexes
  2192 | D:3      | Reached skill level 1 in Summonings
  2192 | D:3      | Reached skill level 1 in Necromancy
  2192 | D:3      | Reached skill level 1 in Translocations
  2192 | D:3      | Reached skill level 1 in Transmutations
  2192 | D:3      | Reached skill level 1 in Ice Magic
  2192 | D:3      | Reached skill level 1 in Air Magic
  2192 | D:3      | Reached skill level 1 in Earth Magic
  2192 | D:3      | Reached skill level 1 in Poison Magic
  2371 | D:3      | Found a radiant altar of Vehumet.
  2372 | D:3      | Found an ornate altar of the Wu Jian Council.
  2563 | D:3      | Reached XP level 5. HP: 47/47 MP: 6/9
  3256 | D:4      | Reached skill level 2 in Invocations
  3256 | D:4      | Reached XP level 6. HP: 53/53 MP: 5/11
  3405 | D:4      | Found Fimef's Weapon Shoppe.
  3434 | D:4      | Reached skill level 2 in Short Blades
  3434 | D:4      | Reached skill level 2 in Long Blades
  3434 | D:4      | Reached skill level 2 in Maces & Flails
  3434 | D:4      | Reached skill level 2 in Polearms
  3434 | D:4      | Reached skill level 2 in Staves
  3434 | D:4      | Reached skill level 2 in Slings
  3434 | D:4      | Reached skill level 2 in Bows
  3434 | D:4      | Reached skill level 2 in Crossbows
  3434 | D:4      | Reached skill level 2 in Throwing
  3434 | D:4      | Reached skill level 2 in Armour
  3434 | D:4      | Reached skill level 2 in Dodging
  3434 | D:4      | Reached skill level 2 in Stealth
  3434 | D:4      | Reached skill level 2 in Shields
  3434 | D:4      | Reached skill level 2 in Unarmed Combat
  3434 | D:4      | Reached skill level 2 in Evocations
  3699 | D:4      | Reached XP level 7. HP: 52/59 MP: 12/12
  3819 | D:4      | Found a broken altar of Ashenzari.
  3846 | D:4      | Noticed epen's ghost (amateur GnHu)
  3847 | D:4      | Found a transporter.
  3986 | D:4      | Found a runed translucent door.
  3987 | D:4      | Noticed Crazy Yiuf
  3997 | D:4      | Killed Crazy Yiuf
  4075 | D:5      | Entered Level 5 of the Dungeon
  4084 | D:5      | Reached skill level 7 in Fighting
  4084 | D:5      | Reached skill level 7 in Axes
  4084 | D:5      | Reached skill level 2 in Conjurations
  4084 | D:5      | Reached skill level 2 in Hexes
  4084 | D:5      | Reached skill level 2 in Summonings
  4084 | D:5      | Reached skill level 2 in Necromancy
  4084 | D:5      | Reached skill level 2 in Translocations
  4084 | D:5      | Reached skill level 2 in Transmutations
  4084 | D:5      | Reached skill level 2 in Ice Magic
  4084 | D:5      | Reached skill level 2 in Air Magic
  4084 | D:5      | Reached skill level 2 in Earth Magic
  4084 | D:5      | Reached skill level 2 in Poison Magic
  4359 | D:5      | Reached skill level 3 in Invocations
  4507 | D:5      | Reached skill level 4 in Spellcasting
  4779 | D:5      | Reached skill level 6 in Fire Magic
  4779 | D:5      | Reached XP level 8. HP: 67/67 MP: 5/14
  5083 | D:5      | Reached skill level 3 in Short Blades
  5083 | D:5      | Reached skill level 3 in Long Blades
  5083 | D:5      | Reached skill level 3 in Maces & Flails
  5083 | D:5      | Reached skill level 3 in Polearms
  5083 | D:5      | Reached skill level 3 in Staves
  5083 | D:5      | Reached skill level 3 in Slings
  5083 | D:5      | Reached skill level 3 in Bows
  5083 | D:5      | Reached skill level 3 in Crossbows
  5083 | D:5      | Reached skill level 3 in Throwing
  5083 | D:5      | Reached skill level 3 in Armour
  5083 | D:5      | Reached skill level 3 in Dodging
  5083 | D:5      | Reached skill level 3 in Stealth
  5083 | D:5      | Reached skill level 3 in Shields
  5083 | D:5      | Reached skill level 3 in Unarmed Combat
  5083 | D:5      | Reached skill level 3 in Evocations
  5203 | D:6      | Found a staircase to the Ecumenical Temple.
  5203 | D:6      | Noticed a yak
  5203 | D:6      | Noticed a yak
  5209 | D:6      | Noticed a yak
  5210 | D:6      | Noticed a yak
  5241 | D:5      | Killed a yak
  5753 | D:6      | Noticed a yak
  5760 | D:6      | Reached skill level 4 in Invocations
  5774 | D:6      | Slain by a yak

Vanquished Creatures
  A yak (D:5)
  A black bear (D:5)
  An ice beast (D:5)
  3 ogres
  2 kobold brigands
  2 scorpions (D:4)
  A necrophage (D:5)
  A howler monkey (D:5)
  A jelly (D:6)
  Crazy Yiuf (D:4)
  7 hounds
  3 iguanas
  An orc wizard (D:4)
  9 adders
  A gnoll (D:1)
  A white imp (D:6)
  An ufetubus (D:6)
  2 worms (D:3)
  2 dart slugs (D:4)
  An orc (D:5)
  5 endoplasms
  3 giant cockroaches
  5 goblins
  13 hobgoblins
  4 jackals (D:2)
  3 quokkas
  7 ball pythons
  5 bats
  A frilled lizard (D:1)
  12 kobolds
  12 rats
112 creatures vanquished.
